 Dungeon Crawl Stone Soup version 0.19-a0-49-gb8736b8 (webtiles) character file.

66 tyvek the Magician (level 3, -1/16 HPs)
             Began as a Spriggan Fire Elementalist on May 7, 2016.
             Killed from afar by Sigmund (8 damage)
             ... with a magic dart
             ... on level 3 of the Dungeon.
             The game lasted 00:07:01 (2046 turns).

tyvek the Magician (Spriggan Fire Elementalist)     Turns: 2046, Time: 00:07:01

Health: -1/16      AC:  3    Str:  4    XL:     3   Next: 96%
Magic:  3/9        EV: 18    Int: 17    God:
Gold:   125        SH:  0    Dex: 16    Spells: 3 memorised, 3 levels left

rFire  . . .     SeeInvis +     k - +1 spear (pain)
rCold  . . .     Gourm    .     a - +0 robe
rNeg   . . .     Faith    .     (shield currently unavailable)
rPois  .         Spirit   .     (helmet restricted)
rElec  .         Dismiss  .     i - +0 cloak
rCorr  .         Reflect  .     (gloves unavailable)
SustAt .         Harm     .     (boots unavailable)
MR     .....                    (no amulet)
Stlth  +++.......               (no ring)
                                (no ring)

@: very slightly contaminated, very quick, not resistant to hostile
enchantments, fairly stealthy
A: unfitting armour, see invisible, herbivore 3, speed 3, slow metabolism 2
a: no special abilities


You were on level 3 of the Dungeon.
You were not hungry.

You visited 1 branch of the dungeon, and saw 3 of its levels.

You collected 125 gold pieces.

Inventory:

Hand Weapons
 k - a +1 spear of pain (weapon)
   (You found it on level 2 of the Dungeon)
Armour
 a - a +0 robe (worn)
 i - a +0 cloak (worn)
   (You found it on level 1 of the Dungeon)
Scrolls
 f - a scroll of remove curse {unknown}
 h - 2 scrolls of identify {unknown}
 l - a scroll of recharging {unknown}
 n - a scroll of fog {unknown}
Potions
 d - a potion of cancellation {unknown}
 e - a potion of magic {unknown}
 g - a potion of beneficial mutation {unknown}
 j - 3 potions of haste {unknown}
 m - a potion of lignification {unknown}
 p - a potion of agility {unknown}
Books
 b - a book of Flames
Comestibles
 c - 2 bread rations {@e1}


   Skills:
 - Level 3.0 Dodging
 - Level 3.0 Stealth
 * Level 4.1 Spellcasting
 - Level 1.2 Conjurations
 + Level 1.2 Hexes
 + Level 2.9 Fire Magic


You had 3 spell levels left.
You knew the following spells:

 Your Spells              Type           Power        Failure   Level  Hunger
a - Flame Tongue          Conj/Fire      ##...        10%         1    None
b - Inner Flame           Hex/Fire       ##......     21%         3    ###....
c - Conjure Flame         Conj/Fire      ##......     21%         3    ###....


Dungeon Overview and Level Annotations

Branches:
Dungeon (3/15)

Altars:

Annotations:
D:3 Sigmund


Innate Abilities, Weirdness & Mutations

You are tiny and cannot use many weapons and most armour.
You have supernaturally acute eyesight.
You are a herbivore.
You cover ground extremely quickly.
You need consume almost no food.


Message History

That would be overly suicidal.
Okay, then.
You start resting.
Health restored: 16; MP restored: 9 You see here a ring mail.
An orc comes into view. It is wielding a dagger.
An orc is nearby!
The orc shouts!
You miscast Conjure Flame.
You are very lightly contaminated with residual magic.
Nothing appears to happen.
You now have 6/9 mp.
The fire roars!
You now have 3/9 mp.
Attack whom?
Aim: an orc, wielding a dagger You reach to attack!
You barely miss the orc.
Attack whom?
Aim: an orc, wielding a dagger You reach to attack!
You closely miss the orc.
Attack whom?
Aim: an orc, wielding a dagger You reach to attack!
You barely miss the orc.
Attack whom?
Aim: an orc, wielding a dagger You reach to attack!
You hit the orc.
Attack whom?
Aim: an orc, wielding a dagger (moderately wounded)
You reach to attack!
You puncture the orc!
You kill the orc!
Attack whom?
That would be overly suicidal.
Okay, then.
Attack whom?
That would be overly suicidal.
Okay, then.
You start resting.
Your magical contamination has completely faded away.
You regained 2 mp, and now have 5/9 mp.
You start resting.
MP restored: 9
Things that are here:
a dagger; an orc corpse A dart slug comes into view.
You enter a teleport trap!
The teleport trap disappears.
Your surroundings suddenly seem different.
A bat comes into view.
You see here 30 arrows.
Found a stone staircase leading up. 2 jackals come into view.
The jackal barks!
A jackal comes into view.
A jackal and an orc come into view.
There are monsters nearby!
Unknown command.
There are monsters nearby!
Unknown command.
Sigmund shouts!
Sigmund casts a spell.
Sigmund flickers and vanishes for a moment.
Aim: a bat (chance to defeat MR: 87%)
The bat is filled with an inner flame.
The jackal barks!
The bat closely misses you.
You now have 6/9 mp.
Aim: a jackal (chance to defeat MR: 87%)
You miscast Inner Flame.
You are very lightly contaminated with residual magic.
Your skin glows momentarily.
The bat misses you. The jackal closely misses you.
You now have 3/9 mp.
Attack whom?
Aim: a bat (inner flame)
The jackal is in the way.
The jackal barks!
You hit the jackal. The bat hits you but does no damage.
The jackal closely misses you.
Attack whom?
Aim: a bat (inner flame)
You barely miss the bat.
The bat misses you. x2; The jackal bites you.
The bat completely misses you. Sigmund closely misses you.
The jackal bites you. The orc barely misses you.
You take 2 damage, and have 14/16 hp.
Attack whom?
Aim: a bat (inner flame)
You closely miss the bat. The bat closely misses you. The bat hits you.
The jackal closely misses you.
The orc hits you from afar with a trident.
The bat closely misses you.
A jackal comes into view.
You take 6 damage, and have 8/16 hp.
MASSIVE DAMAGE!!
Attack whom?
Aim: a bat (inner flame)
Okay, then.
The bat hits you. Sigmund casts a spell at you. The magic dart hits you!
Ouch! That really hurt!
You die...

####### #.. .h ###.#..
....#. ###. #.@..
..... # #%#.#....# ...
###.##.#...#..# #.##..
#....@bhhh............
#########.#..<#. .....
.....# #... .#...#
#... .#..... #..> .#
o.#.###... ##
..#....... #.#.#. #...


You could see Sigmund (invisible), 3 jackals and a bat (inner flame).

Vanquished Creatures
  An adder (D:3)
  3 giant geckos
  2 orcs (D:3)
  A bat (D:2)
  4 giant cockroaches (D:1)
  8 goblins
  4 hobgoblins
  3 jackals (D:1)
  5 kobolds
  2 quokkas (D:2)
  A ball python (D:1)
  3 giant newts
  11 rats
48 creatures vanquished.

Notes
Turn   | Place    | Note
--------------------------------------------------------------
     0 | D:1      | tyvek the Spriggan Fire Elementalist began the quest for the Orb.
     0 | D:1      | Reached XP level 1. HP: 9/9 MP: 5/5
    47 | D:1      | Reached skill level 1 in Conjurations
    81 | D:1      | Reached skill level 3 in Spellcasting
   155 | D:1      | Reached XP level 2. HP: 13/13 MP: 4/7
   671 | D:1      | Reached XP level 3. HP: 11/16 MP: 0/9
   774 | D:1      | Learned a level 3 spell: Inner Flame
  1084 | D:2      | Learned a level 3 spell: Conjure Flame
  1618 | D:3      | Reached skill level 4 in Spellcasting
  1618 | D:3      | Reached skill level 1 in Hexes
  1664 | D:3      | Noticed Sigmund
  2046 | D:3      | Killed from afar by Sigmund

Vault maps used:
D:1:      eino_arrival_water_star
D:3:      minmay_door_path, uniq_jessica, uniq_sigmund, uniq_grinder

Skill      XL: |  1  2  3 |
---------------+----------+-----
Conjurations   | 1 |  1.2
Spellcasting   | 3 4 |  4.1
Hexes          | 1 |  1.2
Dodging        | |  3.0
Stealth        | |  3.0
Fire Magic     | |  2.9

Action                   || total
-------------------------++-------
Melee: Unarmed           ||     2
       Dagger            ||    15
       Spear             ||    62
 Cast: Flame Tongue      ||    44
       Conjure Flame     ||     5
       Inner Flame       ||     2
 Stab: Sleeping          ||     8
Armor: Robe              ||     4
Dodge: Dodged            ||    66

Vault maps used:
D:1:      eino_arrival_water_star
D:3:      minmay_door_path, uniq_jessica, uniq_sigmund, uniq_grinder

Table legend:
 A = Turns spent in this place as a percentage of turns spent in the entire game.
 B = Non-inter-level travel turns spent in this place as a percentage of non-inter-level travel turns spent in the entire game.
 C = Inter-level travel turns spent in this place as a percentage of turns spent in this place.
 D = Turns resting spent in this place as a percentage of non-inter-level travel turns spent in this place.
 E = Turns spent auto-exploring this place as a percentage of non-inter-level travel turns spent in this place.
 F = Non-inter-level travel turns spent in this place divided by the number of levels of this place that you've seen.
                   A       B       C       D       E      F
               +-------+-------+-------+-------+-------+----------------------
         Total | 100.0 | 100.0 |   0.3 |   3.3 |   9.8 | 264.0
       Dungeon | 100.0 | 100.0 |   0.3 |   3.3 |   9.8 | 264.0
               +-------+-------+-------+-------+-------+----------------------

Table legend:
 A = Kills in this place as a percentage of kills in entire the game.
 B = Kills by you in this place as a percentage of kills by you in the entire game.
 C = Kills by friends in this place as a percentage of kills by friends in the entire game.
 D = Other kills in this place as a percentage of other kills in the entire game.
 E = Experience gained in this place as a percentage of experience gained in the entire game.
 F = Experience gained in this place divided by the number of levels of this place that you have seen.
                   A       B       C       D       E      F
               +-------+-------+-------+-------+-------+----------------------
         Total | 100.0 | 100.0 |  -nan |  -nan | 100.0 |  31.7
       Dungeon | 100.0 | 100.0 |  -nan |  -nan | 100.0 |  31.7
               +-------+-------+-------+-------+-------+----------------------
